 Dungeon Crawl Stone Soup version 0.24-a0-201-gf205589 (webtiles) character file.

Game seed: 16086889924015598997

1889 Ijustatesigmund the Covert (level 9, 0/61 HPs)
             Began as an Octopode Assassin on Mar 21, 2019.
             Was an Initiate of Gozag.
             Slain by a sky beast (6 damage)
             ... on level 6 of the Dungeon.
             The game lasted 00:18:03 (7418 turns).

Ijustatesigmund the Covert (Octopode Assassin)      Turns: 7418, Time: 00:18:04

Health: 0/61       AC:  1    Str: 15    XL:     9   Next: 15%
Magic:  9/9        EV: 16    Int: 14    God:    Gozag
Gold:   518        SH:  4    Dex: 16    Spells: 8/8 levels left

rFire    . . .     SeeInvis .   o - +3 dagger (speed)
rCold    + . .     Gourm    .   (no shield)
rNeg     + . .     Faith    .   (helmet restricted)
rPois    .         Spirit   .   p - amulet of the acrobat
rElec    .         Reflect  .   u - ring of positive energy
rCorr    .         Harm     .   (no ring)
MR       .....                  (no ring)
Stlth    +++++.....             (no ring)
HPRegen  0.20/turn              (no ring)
MPRegen  0.11/turn              (no ring)
                                (no ring)
                                (no ring)

@: mighty
A: almost no armour, stealthy swim, amphibious, 8 rings, constrict 8, large bone
plates 1, camouflage 1, cold resistance 1, gelatinous body 1
a: Potion Petition, Call Merchant, Bribe Branch, Renounce Religion


You were on level 6 of the Dungeon.
You worshipped Gozag.
Gozag was pleased with you.
You were hungry.

You visited 2 branches of the dungeon, and saw 7 of its levels.
You also visited: Sewer.

You collected 626 gold pieces.
You paid 108 gold pieces to Gozag.

Inventory:

Hand Weapons
 a - a +2 dagger
 b - a +0 blowgun
 m - a +1 hunting sling of flaming
 o - a +3 dagger of speed (weapon)
Missiles
 c - 7 poisoned needles
 d - 2 curare-tipped needles
 h - 11 tomahawks (quivered)
Jewellery
 i - an uncursed ring of fire
 p - an amulet of the acrobat (around mantle)
 u - a ring of positive energy (left tentacle)
 w - an uncursed amulet of harm {unknown}
 z - a cursed -3 ring of evasion {unknown}
Wands
 v - a wand of random effects (19)
Scrolls
 e - 2 scrolls of blinking
 g - 2 scrolls of remove curse
 j - a scroll of teleportation
 r - 2 scrolls of identify
 t - a scroll of enchant weapon
 y - 2 scrolls of immolation
Potions
 k - 2 potions of curing
 l - 2 potions of agility
 s - a potion of magic
Miscellaneous
 q - a crystal ball of energy
Comestibles
 f - 8 rations


   Skills:
 + Level 5.4 Fighting
 + Level 5.4 Short Blades
 + Level 5.5 Throwing
 + Level 5.1 Dodging
 + Level 9.1 Stealth


You had 8 spell levels left.
You didn't know any spells.
Your spell library contained the following spells:

 Spells                   Type           Power        Failure   Level  Hunger
 Animate Skeleton         Necr           N/A          28%         1    ##.....
 Apportation              Tloc           #.....       28%         1    ##.....
 Confusing Touch          Hex            #.....       28%         1    ##.....
 Summon Small Mammal      Summ           #...         28%         1    ##.....


Dungeon Overview and Level Annotations

Branches:
Dungeon (6/15)             Temple (1/1) D:5

Altars:
Ashenzari
Cheibriados
Dithmenos
Elyvilon
Fedhas
Gozag
Hepliaklqana
Kikubaaqudgha
Makhleb
Nemelex Xobeh
Okawaru
Qazlal
Ru
Sif Muna
Trog
Uskayaw
Vehumet
Wu Jian
Yredelemnul
Zin
The Shining One

Shops:
D:4 [

Annotations:
D:4 2 transporters
D:5 2 transporters, p0werm0de's ghost, amateur TeSk


Innate Abilities, Weirdness & Mutations

You cannot wear most types of armour.
You are very stealthy in the water. (Stealth+)
You are amphibious.
You can wear up to eight rings at the same time.
You can use your tentacles to constrict eight enemies at once.
Your skin changes colour to match your surroundings (Stealth+).
Your rubbery body absorbs attacks. (AC +1, EV +1)
You are partially covered in large bone plates. (SH +4)
Your flesh is cold resistant. (rC+)


Message History

You barely miss the sky beast.
The sky beast is heavily wounded.
You hit the sky beast but do no damage.
The sky beast is heavily wounded.
The sky beast hits you. The sky beast shocks you.
* * * LOW HITPOINT WARNING * * *
You hit the sky beast.
The sky beast is severely wounded.
You feel very mighty all of a sudden. The sky beast hits you.
* * * LOW HITPOINT WARNING * * *
The sky beast shocks you.
* * * LOW HITPOINT WARNING * * *
You hit the sky beast. Your squeeze misses the sky beast.
The sky beast is almost dead.
The sky beast hits you.
* * * LOW HITPOINT WARNING * * *
The sky beast shocks you.
You die...
Your body crumbles into a pile of gold.

#..##..##....##...######..###.###
#..##..##....##+########..#######
.......#........................#
.......#........................'
.......#........................#
#'###..##.##.##.##..###...###.###
#..##..##+##+##.##..###...###.###
....#...........Y#............#..
................@+............#..
##.#..############..###..###..##.
####### #+####'#######.
..............#. ..............!.
#...#........#.. ### ############


You could see a sky beast.

Vanquished Creatures
  A hippogriff (D:5)
  Sigmund (D:2)
  Duvessa (D:5)
  Purgy (Sewer)
  An orc warrior (D:6)
  3 ice beasts
  2 ogres
  Dowan (D:5)
  A scorpion (D:4)
  2 crimson imps
  A gnoll shaman (D:5)
  A hound (D:5)
  4 orc wizards
  An iguana (D:4)
  5 worker ants
  3 worker ant zombies
  7 gnolls
  7 adders
  2 river rats (D:3)
  2 oozes
  2 adder zombies (D:5)
  An adder skeleton (D:6)
  2 worms (D:2)
  4 dart slugs
  17 orcs
  2 ball pythons
  11 bats
  6 giant cockroaches
  7 goblins
  5 hobgoblins
  14 jackals
  4 quokkas
  10 frilled lizards
  2 jackal skeletons
  11 kobolds
  9 rats
154 creatures vanquished.

Notes
Turn   | Place    | Note
-------+----------+-------------------------------------------
     0 | D:1      | Ijustatesigmund the Octopode Assassin began the quest for
                  | the Orb.
     0 | D:1      | Reached XP level 1. HP: 14/14 MP: 1/1
   117 | D:1      | Reached XP level 2. HP: 19/19 MP: 2/2
   531 | D:1      | Reached XP level 3. HP: 24/24 MP: 3/3
  1177 | D:2      | Reached XP level 4. HP: 30/30 MP: 4/4
  1447 | D:2      | Noticed Sigmund
  1464 | D:2      | Killed Sigmund
  1464 | D:2      | Reached skill level 6 in Stealth
  1464 | D:2      | Reached XP level 5. HP: 13/36 MP: 5/5
  1464 | D:2      | Reached XP level 6. HP: 15/42 MP: 6/6
  1906 | D:3      | Found a glowing drain.
  2015 | Sewer    | Entered a sewer
  2038 | Sewer    | Noticed Purgy
  2058 | Sewer    | Killed Purgy
  2822 | D:3      | Found a bloodstained altar of Trog.
  2983 | D:4      | Found a transporter.
  3063 | D:4      | Reached XP level 7. HP: 34/46 MP: 7/7
  3419 | D:4      | Found a transporter.
  3460 | D:4      | Reached skill level 7 in Stealth
  3544 | D:4      | Found Ipsikh's Antique Armour Shop.
  3994 | D:5      | Entered Level 5 of the Dungeon
  4093 | D:5      | Found a transporter.
  4093 | D:5      | Noticed p0werm0de's ghost (amateur TeSk)
  4106 | D:5      | Found a transporter.
  4235 | D:5      | Noticed Dowan
  4236 | D:5      | Noticed Duvessa
  4416 | D:5      | Noticed a hippogriff
  4442 | D:5      | Killed a hippogriff
  4717 | D:5      | Reached XP level 8. HP: 41/54 MP: 8/8
  4953 | D:5      | Found a staircase to the Ecumenical Temple.
  4959 | Temple   | Entered the Ecumenical Temple
  5063 | Temple   | Became a worshipper of Gozag Ym Sagoz the Greedy
  5148 | D:5      | Reached skill level 8 in Stealth
  5702 | D:5      | Gained mutation: You are partially covered in large bone
                  | plates. (SH +4) [potion of mutation]
  5702 | D:5      | Gained mutation: Your flesh is cold resistant. (rC+)
                  | [potion of mutation]
  5747 | D:5      | Identified the +7 chain mail "Tacyap" {rElec rN+}
  5763 | D:5      | Killed Dowan
  5779 | D:5      | Killed Duvessa
  5779 | D:5      | Reached skill level 5 in Throwing
  6431 | D:6      | Reached skill level 5 in Fighting
  6431 | D:6      | Reached skill level 5 in Short Blades
  7130 | D:6      | Reached XP level 9. HP: 44/61 MP: 9/9
  7177 | D:6      | Reached skill level 5 in Dodging
  7177 | D:6      | Reached skill level 9 in Stealth
  7418 | D:6      | Slain by a sky beast

Levels and vault maps discovered:
D:1:      mrwooster_arrival_statue_2, layout_basic
D:2:      layout_loops_ring, uniq_sigmund
D:3:      layout_loops_corners, portal_sewer_entry_b, trog_hazing_becter
D:4:      gammafunk_cloud_chamber, layout_cave_pools, serial_shops, shop,
          first_ration, minmay_box_of_dots
D:5:      minmay_spotlight, layout_basic, minmay_temple_entry_wispy,
          gammafunk_ghost_stat_death, uniq_duvessa
D:6:      minmay_cornered_nines, layout_gridville
Temple:   kilobyte_greek_temple
Sewer:    sewer_big_baddie

Skill      XL: |  1  2  3  4  5  6  7  8  9 |
---------------+----------------------------+-----
Fighting       | 3 4 5 |  5.4
Short Blades   | 3 4 5 |  5.4
Throwing       | 3 4 5 |  5.5
Dodging        | 2 3 4 5 |  5.1
Stealth        | 6 7 8 9 |  9.1

Action                   |  1- 3 |  4- 6 |  7- 9 || total
-------------------------+-------+-------+-------++-------
Melee: Dagger            |    47 |   112 |   350 ||   509
       Constrict         |    11 |    23 |    54 ||    88
       Tentacles         |     6 |    15 |    88 ||   109
 Fire: Blowgun           |       |    11 |    22 ||    33
Throw: Tomahawk          |       |       |     4 ||     4
Invok: Potion Petition   |       |       |     1 ||     1
Evoke: Wand              |       |       |     5 ||     5
  Use: Scroll            |     4 |     3 |     9 ||    16
       Potion            |       |     1 |     9 ||    10
 Stab: Sleeping          |    15 |    16 |    10 ||    41
       Distracted        |       |     1 |     2 ||     3
  Eat: Chunk             |     1 |     2 |     6 ||     9
       Ration            |       |     1 |     2 ||     3
Armor: Skin              |     2 |     4 |     8 ||    14
Dodge: Dodged            |    10 |    64 |   125 ||   199
Block: Other             |       |       |    13 ||    13

Table legend:
 A = Non-vault XP
 B = Vault XP
 C = Vault XP percentage of total XP
 D = Non-vault monster count
 E = Vault monster count
 F = Vault count percentage of total count
                 A         B        C        D         E       F
            +---------+---------+-------+---------+---------+-------
      Total |    2064 |     635 |  23.5 |     133 |      21 |  13.6
            +---------+---------+-------+---------+---------+-------
        D:1 |      40 |       0 |   0.0 |      23 |       0 |   0.0
        D:2 |      62 |     227 |  78.5 |      19 |       1 |   5.0
        D:3 |      51 |      37 |  42.0 |      13 |       9 |  40.9
        D:4 |     271 |      15 |   5.2 |      24 |       3 |  11.1
        D:5 |     796 |     214 |  21.2 |      30 |       2 |   6.2
        D:6 |     844 |       0 |   0.0 |      24 |       0 |   0.0
      Sewer |       0 |     142 | 100.0 |       0 |       6 | 100.0
            +---------+---------+-------+---------+---------+-------
